Cogmind - Beta 9.6 @@@ ROGUE MODE // 2020.07.10 @ 22:27:31 Player: Mr.Manatee Result: Self-destructed Performance ------------- Evolutions (1) 500 Regions Visited (2) 400 Robots Destroyed (1) 5 Value Destroyed (6) 6 Prototype IDs (0) 0 Alien Tech Used (0) 0 Bonus (0) 0 TOTAL SCORE: 911 Bonus ------- None Cogmind --------- Core Integrity 381/400 Matter 197/300 Energy 45/125 System Corruption 0% Temperature Cool (12) Movement Flying (31) Location -9/Materials Parts ------- > --- POWER (1) -------- Light Ion Engine > --- PROPULSION (4) --- VTOL Module VTOL Module VTOL Module VTOL Module > --- UTILITY (2) ------ (None) > --- WEAPON (2) ------- EM Pulse Gun > --- INVENTORY (4) ---- Armored Wheel Armored Wheel Peak State ------------ > --- POWER ------------ Light Ion Engine > --- PROPULSION ------- VTOL Module VTOL Module VTOL Module VTOL Module > --- UTILITY ---------- (None) > --- WEAPON ----------- EM Pulse Gun Medium Laser > --- INVENTORY -------- Armored Wheel Armored Wheel [Rating: 11] Favorites ----------- Power Light Ion Engine Engine Light Ion Engine Propulsion VTOL Module Wheel Wheel Flight Unit VTOL Module Utility Small Storage Unit Storage Small Storage Unit Weapon EM Pulse Gun Energy Gun EM Pulse Gun Build | -11 -10 -9 ------- Run | Scr Mat Mat Slots Evolved 2 | . . 2 Power . | . . . Propulsion 2 | . . 2 Utility . | . . . Weapon . | . . . Parts Attached 12 | 7 3 2 Power 2 | 1 1 . Engine 2 | 1 1 . Core . | . . . Reactor . | . . . Propulsion 6 | 2 2 2 Treads . | . . . Leg . | . . . Wheel 2 | 2 . . Hover . | . . . Flight 4 | . 2 2 Utility 2 | 2 . . Device . | . . . Storage 2 | 2 . . Processor . | . . . Hackware . | . . . Protection . | . . . Artifact . | . . . Weapon 2 | 2 . . Energy Gun 2 | 2 . . Energy Cannon . | . . . Ballistic Gun . | . . . Ballistic Cannon . | . . . Launcher . | . . . Special Weapon . | . . . Impact Weapon . | . . . Slashing Weapon . | . . . Piercing Weapon . | . . . Special Melee Weapon . | . . . Unidentified Prototypes . | . . . Parts Lost 1 | . . 1 Power . | . . . Propulsion . | . . . Utility . | . . . Weapon 1 | . . 1 Highest Loss Streak 1 | . . 1 Average Slot Usage (%) 77 | . 78 77 Engine 12 | . 14 11 Wheel 2 | . 4 . Flight 31 | . 23 44 Storage 4 | . 7 . Energy Gun 25 | . 28 22 Naked Turns . | . . . Heaviest Build 17 | 17 17 7 Greatest Support 20 | 20 20 20 Greatest Overweight (x) 2 | . 2 . Average Overweight (x) . | . . . Largest Inventory Capacity 8 | 8 8 4 Average Capacity 5 | 5 5 4 Most Carried 6 | 6 6 3 Average Carried 3 | 4 4 2 Final Capacity 8 | 8 4 4 Final Carried 6 | 6 4 2 Class Distribution -------------------- 71% | Mutant 28% | Sprinter Dominant Class ---------------- Mutant | -10/Materials Sprinter | -9/Materials Resources | -11 -10 -9 ----------- Run | Scr Mat Mat Matter Collected 212 | 212 . . Remotely . | . . . Salvage Created 62 | 62 . . Parts 1 | 1 . . Haulers Intercepted . | . . . Recyclers Shooed . | . . . Parts Field Recycled . | . . . Retrieved Matter . | . . . Parts Self-Destructed . | . . . Prevented . | . . . Kills | -11 -10 -9 ------- Run | Scr Mat Mat Combat Hostiles Destroyed . | . . . Classes Destroyed 1 | 1 . . Recycler 1 | 1 . . Best Kill Streak 1 | 1 . . Combat Bots Only . | . . . Max Kills in Single Turn 1 | 1 . . Gunslinging . | . . . Exploded . | . . . Melee . | . . . Uniques/NPCs Destroyed . | . . . Combat | -11 -10 -9 -------- Run | Scr Mat Mat Damage Taken 131 | . 20 111 Core 19 | . . 19 Absorbed by Shields . | . . . Core Remaining (%) 100 | 100 100 . Volleys Fired 5 | 5 . . Largest 2 | 2 . . Hottest 90 | 90 . . Shots Fired 10 | 10 . . Gun 10 | 10 . . Cannon . | . . . Launcher . | . . . Special . | . . . Kinetic . | . . . Thermal 5 | 5 . . Explosive . | . . . Electromagnetic 5 | 5 . . Robot Hit Streak 5 | 5 . . Robot Miss Streak 1 | 1 . . Penetration Max . | . . . Secondary Targets . | . . . Shots Hit Robots 8 | 8 . . Core Hits 2 | 2 . . Critical Hits . | . . . Critical Kills . | . . . Critical Parts Destroyed . | . . . Melee Attacks . | . . . Impact . | . . . Slashing . | . . . Piercing . | . . . Sneak Attacks . | . . . Combat Hostiles . | . . . Follow-up Attacks . | . . . Damage Inflicted 104 | 104 . . Guns 104 | 104 . . Cannons . | . . . Explosions . | . . . Melee . | . . . Ramming . | . . . Kinetic . | . . . Thermal 64 | 64 . . Explosive . | . . . Electromagnetic 40 | 40 . . Impact . | . . . Slashing . | . . . Piercing . | . . . Highest Corruption . | . . . Average Corruption . | . . . Corruption Purged . | . . . Overload Shots . | . . . Overflow Damage . | . . . Projectiles . | . . . Explosions . | . . . Melee . | . . . Knockbacks . | . . . Impact . | . . . Kinetic . | . . . Secondary . | . . . Self-Inflicted Damage . | . . . Shots . | . . . Rammed . | . . . Targets Rammed . | . . . Kicked . | . . . Crushed . | . . . Highest Temperature 30 | 30 . 6 Average Temperature 16 | 17 . 6 Received Heat Transfer 9 | . . 9 Siege Activations . | . . . Robots Corrupted . | . . . Combat Hostiles . | . . . Parts Fried . | . . . Impact Corruptions . | . . . Robots Melted . | . . . Combat Hostiles . | . . . Parts Melted . | . . . Heat Transferred 185 | 185 . . Parts Sabotaged . | . . . Parts Stolen . | . . . Parts Stripped . | . . . Power Chain Reactions . | . . . Missiles Intercepted . | . . . Alert | -11 -10 -9 ------- Run | Scr Mat Mat Peak Influence 67 | 5 18 67 Average Influence 8 | . 4 25 Maximum Alert Level . | . . . Low Security (%) 100 | 100 100 100 Level 1 . | . . . Level 2 . | . . . Level 3 . | . . . Level 4 . | . . . Level 5 . | . . . High Security . | . . . Max Security . | . . . Squads Dispatched 1 | . 1 . Investigation 1 | . 1 . Extermination . | . . . Reinforcement . | . . . Assault . | . . . Garrison . | . . . Intercept . | . . . Construction Impeded . | . . . Haulers Reinforced . | . . . Stealth | -11 -10 -9 --------- Run | Scr Mat Mat Distress Signals 1 | . . 1 Communications Jammed . | . . . Distress Signals . | . . . Times Spotted 13 | . 5 8 Peak Tracking Total 8 | . 3 8 Tactical Retreats 1 | . 1 . Traps | -11 -10 -9 ------- Run | Scr Mat Mat Traps Triggered . | . . . Indirectly . | . . . Trap Hack Attempts . | . . . Triggered . | . . . Disarmed . | . . . Reprogrammed . | . . . Reused . | . . . Traps Extracted . | . . . Installed . | . . . Triggered . | . . . Machines | -11 -10 -9 ---------- Run | Scr Mat Mat Machines Disabled . | . . . Max in Single Turn . | . . . Machines Sabotaged . | . . . Garrisons Compromised . | . . . Overloaded Fab Kills . | . . . Fab Network Shutdowns . | . . . Hacking | -11 -10 -9 --------- Run | Scr Mat Mat Machines Accessed 1 | . 1 . Terminals 1 | . 1 . Fabricators . | . . . Repair Stations . | . . . Recycling Units . | . . . Scanalyzers . | . . . Garrison Access . | . . . Total Hacks 2 | . 2 . Successful . | . . . Failed 2 | . 2 . Catastrophic . | . . . Database Lockouts . | . . . Manual 2 | . 2 . Terminals 2 | . 2 . Fabricators . | . . . Repair Stations . | . . . Recycling Units . | . . . Scanalyzers . | . . . Garrison Access . | . . . Terminal Hacks . | . . . Fabricator Hacks . | . . . Repair Station Hacks . | . . . Recycling Unit Hacks . | . . . Scanalyzer . | . . . Garrison Access Hacks . | . . . Unauthorized Hacks . | . . . Terminals . | . . . Fabricators . | . . . Repair Stations . | . . . Recycling Units . | . . . Scanalyzers . | . . . Garrison Access . | . . . Data Cores Recovered . | . . . Used . | . . . Hacking Detections 1 | . 1 . Full Trace Events 1 | . 1 . Feedback Events . | . . . Feedback Blocked . | . . . Robot Schematics Acquired . | . . . Robots Built . | . . . Matter . | . . . Time . | . . . Total Robot Build Rating . | . . . Part Schematics Acquired . | . . . Parts Built . | . . . Matter . | . . . Time . | . . . Total Part Build Rating . | . . . Parts Repaired . | . . . Time . | . . . Parts Recycled . | . . . Recycled Matter . | . . . Retrieved Matter . | . . . Retrieved Components . | . . . Parts Scanalyzed . | . . . Part Schematics Acquired . | . . . Parts Damaged . | . . . Bothacking | -11 -10 -9 ------------ Run | Scr Mat Mat Used RIF Installer . | . . . Robots Hacked . | . . . Non-combat . | . . . Combat . | . . . Robot Hacks Applied . | . . . Relay Couplers Released . | . . . Robots Rewired . | . . . Allies Hacked . | . . . Hacks Repelled . | . . . Allies | -11 -10 -9 -------- Run | Scr Mat Mat Total Allies . | . . . Largest Group . | . . . Highest-Rated Group . | . . . Highest-Rated Ally . | . . . Total Orders . | . . . Ally Attacks . | . . . Total Damage . | . . . Kills . | . . . Allies Corrupted . | . . . Allies Melted . | . . . Intel | -11 -10 -9 ------- Run | Scr Mat Mat Robot Analysis Total . | . . . Derelict Logs Recovered . | . . . Drone Launches . | . . . Drone Recoveries . | . . . Exploration | -11 -10 -9 ------------- Run | Scr Mat Mat Turns Passed 186 | 83 57 46 Spaces Moved 231 | 64 93 74 Core 3 | 3 . . Treads . | . . . Legs . | . . . Wheels 70 | 61 9 . Hover . | . . . Flight 158 | . 84 74 Fastest Speed 31 | 50 37 31 Average Speed 49 | 78 44 31 Slowest Speed 200 | 80 200 31 Overloaded Moves . | . . . Propulsion Burnouts . | . . . Robots Hopped . | . . . Cave-ins Triggered . | . . . Exploration Rate (%) 11 | 5 17 12 Regions Visited 2 Branch Regions . Pre-discovered Areas . | . . . Known Exits Taken . | . . . Unknown Exits Taken 2 | 1 1 . Scrap Searched . | . . . Spaces Dug . | . . . Terrain Destroyed . | . . . Melee . | . . . Projectile . | . . . AOE . | . . . Actions | -11 -10 -9 --------- Run | Scr Mat Mat Total 291 | 83 111 97 Wait 21 | . . 21 Move 229 | 63 92 74 Hop . | . . . Pick Up 13 | 8 5 . Fast Attach 7 | 5 2 . Attach 4 | 2 . 2 Detach . | . . . Swap 1 | . 1 . Drop 11 | . 11 . Fire 5 | 5 . . Melee . | . . . Ram . | . . . Kick . | . . . Crush . | . . . Escape Stasis . | . . . Rewire . | . . . Trap . | . . . Miscellaneous . | . . . Route ------- -11/Scrapyard -10/Materials -9/Materials History --------- Turn | Location | Event 24 | -11/Scrapyard | Discovered new exit (range 14) 84 | -11/Scrapyard | Entered Materials 135 | -10/Materials | Discovered new exit (range 16) 141 | -10/Materials | Entered another Materials area 141 | -9/Materials | Evolved 2 slots: Propulsion x2 187 | -9/Materials | Self-destructed Last Messages --------------- 00104_ Acquired VTOL Module. 00107_ Dropped Sml. Storage Unit. 00108_ Dropped Lgt. Treads. 00110_ Acquired Arm. Wheel. 00114_ R-06 Scavenger collects Assault Rifle. 00123_ R-06 Scavenger collects Aluminum Leg. 00135_ EXIT=FOUND 00135_ Connecting with Terminal... 00135_ Current location identified: Materials 00135_ ALERT: Suspicious activity at Terminal M007. Dispatching Investigation squad. PARAMETERS=PROPULSION_2 LOCATION=UNKNOWN GOAL=ESCAPE 00142_ T-07 Excavator is excavating. 00177_ W-16 Scout sends out distress signal. 00179_ K-01 Serf collects debris. 00180_ C-30 ARC bursts open, deploying its payload. 00180_ S-10 Pest unfolds itself. 00184_ Med. Laser destroyed. Map ----- +----------------------------------------------------+ | ???????# #?????????????????????????? | | ???????# #?????????????????????????? | | ???????+ +?????????????????????????? | | ???????# #?????????????????????????? | | ???????# #?????????????????????????? | | ???????# """ """ ##?????????????????????????? | | ####???# """ """ #??????????????????????????? | | ##### """ """ #??????????????????????????? | | """ """ #??????????????????????????? | | #??????????????????????????? | | #??????????????????????????? | | #### ######### #??????????????????????????? | | ##??# #???????+ +??????????????????????????? | | #???# #???????# #??????????????????????????? | | #???# #???????# #??????????????????????????? | | #???# #???????# #??????????????????????????? | | #???# #???????# #??????????????????????????? | | #???# #???????# #??????????????????????????? | | #??? ???????# #??????????????????????????? | | #??? ??????## ##?????????????????????????? | | #??? ####### #?????????????????????????? | | #??? #?????????????????????????? | | ###??? ####### Y #?????????????????????????? | | ??????## ###?????# #####?????????????????????? | | ???????? ????????# ]]#?????????????????????? | | ???????? ????????####### @]#?????????????????????? | | ???????????????????????# !!#?????????????????????? | | ???????????????????????# !!#?????????????????????? | | ???????????????????????# !!#?????????????????????? | | ???????????????????????# !!#?????????????????????? | | ???????????????????????#####?????????????????????? | | ?????????????????????????????????????????????????? | | ?????????????????????????????????????????????????? | | ?????????????????????????????????????????????????? | | ?????????????????????????????????????????????????? | | ?????????????????????????????????????????????????? | | ?????????????????????????????????????????????????? | | ?????????????????????????????????????????????????? | | ?????????????????????????????????????????????????? | | ?????????????????????????????????????????????????? | | ?????????????????????????????????????????????????? | | ?????????????????????????????????????????????????? | | ?????????????????????????????????????????????????? | | ?????????????????????????????????????????????????? | | ?????????????????????????????????????????????????? | | | | | | | | | | | +----------------------------------------------------+ Best States ------------- Heat Dissipation 28 Energy Generation 10 Energy Capacity 250 Matter Stores 242 Matter Capacity 300 Sight Range 16 Terrain Scan Density 10 Evasion (%) 63 Item Schematics ----------------- None Robot Schematics ------------------ None Fabricated ------------ Nothing Alien Tech Used ----------------- None Achievements -------------- None Challenges ------------ None Game ------ Seed TargetDataRegenerator Manual? 0 Play Time 00:03:42 Cumulative 44.5 hours Start 2020.07.10 @ 22:24:14 End 2020.07.10 @ 22:27:31 Sessions 1 Manual Loads 0 Difficulty Rogue Special Mode None Game No. 59 Rogue 59 Adventurer 0 Explorer 0 Win Type - Total 0 Types 0/0/0/0/0/0/0 Lore% 33 Gallery% 43 Achievement% 37 Wizard Run 0 Options --------- ASCII 0 Keyboard 0 Movement Numpad Keybinds 0 Fullscreen 2 Font 18/SmallcapsGlow Map View 76x50 Tactical HUD 1 Map Filters NONE Filters NONE Steam 1 RUN: 74736445-45c9-48fa-ae85-8258ca56bb05